 Dungeon Crawl Stone Soup version 0.30-a0-800-g7c544603b3 (webtiles) character file.

Game seed: 15503817451037085349

30 Demosthentine the Ducker (level 3, 0/28 HPs)
             Began as a Demonspawn Gladiator on Feb 23, 2023.
             Slain by Terence
             ... wielding a +2 heavy hand axe
              (10 damage)
             ... on level 2 of the Dungeon.
             The game lasted 00:01:17 (1041 turns).

Demosthentine the Ducker (Demonspawn Gladiator)     Turns: 1041, Time: 00:01:18

Health: 0/28       AC:  4    Str: 14    XL:     3   Next: 3%
Magic:  3/3        EV: 12    Int:  9    God:
Gold:   31         SH:  0    Dex: 16    Spells: 2/2 levels left

rFire   . . .      SeeInvis .    a - +0 trident
rCold   . . .      Faith    .    (no shield)
rNeg    . . .      Spirit   .    b - +1 leather armour
rPois   .          Reflect  .    (helmet restricted)
rElec   .          Harm     .    (no cloak)
rCorr   .          Rampage  .    (no gloves)
Will    .....                    (no boots)
Stlth   +                        (no amulet)
HPRegen 0.24/turn                (no ring)
MPRegen 0.08/turn                (no ring)

@: no status effects
A: horns 1, powered by death 1
a: no special abilities


You were on level 2 of the Dungeon.
You visited 1 branch of the dungeon, and saw 2 of its levels.

You collected 31 gold pieces.

Inventory:

Hand Weapons
 a - a +0 trident (weapon)
Missiles
 d - 2 throwing nets (quivered)
 e - a javelin
Armour
 b - a +1 leather armour (worn)
Wands
 c - a wand of light (10)
Potions
 f - a potion of ambrosia {unknown}
 g - 2 potions of heal wounds {unknown}
 h - a potion of attraction {unknown}
 i - a potion of curing {unknown}
 j - a potion of mutation {unknown}
 k - a potion of berserk rage {unknown}
 l - a potion of degeneration {unknown}


   Skills:
 + Level 2.4 Fighting
 + Level 3.0 Polearms
 - Level 1.7 Throwing
 + Level 1.0 Armour
 + Level 3.0 Dodging


You had 2 spell levels left.
You didn't know any spells.
Your spell library contained the following spells:

 Spells                   Type           Power      Damage    Failure   Level
 Sandblast                Erth           0%         2d4       45%         1
 Passwall                 Tmut/Erth      0%         N/A       58%         2
 Stone Arrow              Conj/Erth      0%         3d7       83%         3


Dungeon Overview and Level Annotations

Branches:
Dungeon (2/15)

Altars:

Annotations:
D:2 Terence


Innate Abilities, Weirdness & Mutations

You have a pair of small horns on your head.
You regenerate a little health from kills.


Message History

Terence struggles against the net.
The net rips apart, and Terence comes free!
Reach: a) +0 trident
Press: ? - help, Dir - move target, f/p - Terence
Aim: Terence, wielding a +2 heavy hand axe and wearing a +0 chain mail (lightly wounded, about 32% to evade your +0 trident)
You reach to attack!
You hit Terence but do no damage.
Terence is lightly wounded.
Throw: 4 throwing nets
Press: ? - help, Q - select action, (/) - cycle Shift-Dir - straight line, f/p - Terence
Aim: Terence, wielding a +2 heavy hand axe and wearing a +0 chain mail (lightly wounded, 68% to hit)
You throw a throwing net.
The throwing net closely misses Terence.
Terence hits you with a +2 heavy hand axe!
Unknown command.
Throw: 3 throwing nets
Press: ? - help, Q - select action, (/) - cycle Shift-Dir - straight line, f/p - Terence
Aim: Terence, wielding a +2 heavy hand axe and wearing a +0 chain mail (lightly wounded, 68% to hit)
You throw a throwing net. The throwing net hits Terence.
Terence is caught in the net!
Terence is lightly wounded.
Unknown command.
You catch the helpless Terence completely off-guard!
You hit Terence but do no damage.
Terence is lightly wounded.
Terence struggles against the net.
You hit Terence. Your headbutt misses Terence.
Terence is moderately wounded.
Terence shouts, "ATTACK!!!"
Terence struggles against the net.
You hit Terence. You headbutt Terence, but do no damage.
Terence is heavily wounded.
Terence struggles against the net. x2
You hit Terence but do no damage. You headbutt Terence.
Terence is severely wounded.
Terence struggles against the net.
The net rips apart, and Terence comes free!
You completely miss Terence.
Terence is severely wounded.
Terence hits you with a +2 heavy hand axe!
You die...

#.# ########.# ## #.#
.......#.#.. #.# .......#.#.
#.# .......... #.# .........#
#.##### ....!....# .<....#
#..#
#.###.#############>#######
#.# #.##........@@.....(...
#.# #.##.##################
#.###.##'## #.##......#
#.##......# #.##...^..# #
#......# #......#
#......#######################


You could see Terence.

Vanquished Creatures
  2 endoplasms (D:1)
  2 giant cockroaches (D:1)
  5 goblins (D:1)
  A hobgoblin (D:1)
  4 jackals (D:1)
  2 quokkas
  3 ball pythons
  3 bats (D:1)
  2 rats (D:1)
24 creatures vanquished.

Notes
Turn   | Place    | Note
-------+----------+-------------------------------------------
     0 | D:1      | Demosthentine the Demonspawn Gladiator began the quest for
                  | the Orb.
     0 | D:1      | Reached XP level 1. HP: 16/16 MP: 1/1
   201 | D:1      | Gained mutation: You have a pair of small horns on your
                  | head. [demonic ancestry]
   201 | D:1      | Reached XP level 2. HP: 22/22 MP: 2/2
   615 | D:1      | Reached skill level 1 in Armour
   839 | D:2      | Gained mutation: You regenerate a little health from kills.
                  | [demonic ancestry]
   839 | D:2      | Reached XP level 3. HP: 24/28 MP: 3/3
  1019 | D:2      | Noticed Terence
  1041 | D:2      | Slain by Terence

Illustrated notes

Levels and vault maps discovered:
D:1:      lightli_arrival_isolated_outpost, layout_loops_ring
D:2:      layout_basic, uniq_terence

Skill      XL: |  1  2 |
---------------+-------+-----
Dodging        | 3 |  3.0
Polearms       | 3 |  3.0
Armour         | 1 |  1.0
Fighting       | |  2.4
Throwing       | |  1.7

Action                     || total
---------------------------++-------
  Melee: Trident           ||    87
         Headbutt          ||    10
         Punch             ||     1
  Throw: Throwing net      ||     3
    Use: Scroll            ||     2
   Stab: Sleeping          ||     1
         Held in net/web   ||     2
 Armour: Leather armour    ||    20
  Dodge: Dodged            ||    49

Table legend: (Time is in decaauts)
 A = Elapsed time spent in this place.
 B = Non-inter-level travel time spent in this place.
 C = Inter-level travel time spent in this place.
 D = Time resting spent in this place.
 E = Time spent auto-exploring this place.
 F = Levels seen in this place.
 G = Mean time per level.
                   A        B        C        D        E       F      G
               +--------+--------+--------+--------+--------+-----+--------+
         Total |   1062 |   1030 |     32 |      0 |    845 |   2 |  531.0 |
       Dungeon |   1062 |   1030 |     32 |      0 |    845 |   2 |  531.0 |
               +--------+--------+--------+--------+--------+-----+--------+

Top non-repeatable levels by time:
     D:1: 847 daAuts
     D:2: 214 daAuts
